 Dungeon Crawl Stone Soup version 0.31.0-12-g77e489cdc1 (webtiles) character file.

Game seed: 11367868570275081414

2685 jimonade the Cleaver (level 9, -7/81 HPs)
             Began as a Hill Orc Fighter on Mar 1, 2024.
             Was an Initiate of Uskayaw.
             Mangled by an orc knight
             ... wielding a +0 glaive
              (10 damage)
             ... in a bailey.
             The game lasted 00:20:39 (7700 turns).

jimonade the Cleaver (Hill Orc Fighter)             Turns: 7700, Time: 00:20:40

Health: -7/81      AC: 17    Str: 23    XL:     9   Next: 64%
Magic:  7/13       EV:  6    Int:  8    God:    Uskayaw [......]
Gold:   444        SH:  4    Dex: 10    Spells: 8/8 levels left

rFire   . . .        b - +1 spear (venom)
rCold   . . .        c - +0 buckler
rNeg    . . .        l - +0 plate armour
rPois   +            w - +0 helmet
rElec   .            J - +2 cloak {Stlth+}
rCorr   .            (no gloves)
SInv    .            (no boots)
Will    .....        j - amulet of the acrobat Stlth
                     h - ring of poison resistance
HPRegen 0.33/turn    (no ring)
MPRegen 0.13/turn

%: acrobat
@: mighty
A: no striking features
a: Renounce Religion


You were in a bailey.
You worshipped Uskayaw.
Uskayaw was noncommittal.
You visited 1 branch of the dungeon, and saw 7 of its levels.
You also visited: Ossuary and Bailey.

You collected 444 gold pieces.

Inventory:

Hand Weapons
 a - a +0 war axe
 b - a +1 spear of venom (weapon)
 q - a +0 mace
 A - a +0 war axe
 D - a +4 short sword of venom
Missiles
 o - 7 poisoned darts (quivered)
 p - 7 boomerangs
Armour
 c - a +0 buckler (worn)
 g - a +0 ring mail
 k - a scarf of shadows
 l - a +0 plate armour (worn)
 v - a +0 scale mail
 w - a +0 helmet (worn)
 J - a +2 cloak of stealth (worn)
Jewellery
 h - a ring of poison resistance (left hand)
 j - an amulet of the acrobat (around neck)
Wands
 G - a wand of quicksilver (2)
Scrolls
 e - 2 scrolls of noise
 f - 2 scrolls of poison
 m - a scroll of enchant weapon
 t - a scroll of amnesia
 x - 3 scrolls of teleportation
 z - a scroll of vulnerability
 F - a scroll of fear
 I - a scroll of butterflies
 K - a scroll of brand weapon {unknown}
Potions
 d - 3 potions of might
 i - a potion of lignification {unknown}
 n - 3 potions of mutation {unknown}
 r - 2 potions of haste {unknown}
 s - 3 potions of curing {unknown}
 u - a potion of attraction {unknown}
 B - a potion of heal wounds {unknown}
 C - 3 potions of resistance {unknown}
 E - 2 potions of berserk rage {unknown}
 H - a potion of cancellation {unknown}


   Skills:
 - Level 8.0 Fighting
 * Level 11.3 Axes
 + Level 7.3 Armour
 - Level 3.2 Shields
 + Level 6.2 Invocations


You had 8 spell levels left.
You didn't know any spells.
Your spell library contained the following spells:

 Spells                   Type           Power      Damage    Failure   Level
 Magic Dart               Conj           0%         1d3       100%        1
 Blink                    Tloc           0%         N/A       100%        2
 Call Imp                 Summ           0%         N/A       100%        2
 Lesser Beckoning         Tloc           0%         N/A       100%        2
 Searing Ray              Conj           0%         2d4       100%        2
 Gell's Gravitas          Tloc           0%         N/A       100%        3
 Teleport Other           Tloc           0%         N/A       100%        3
 Fulminant Prism          Conj/Alch      0%         3d5       100%        4


Dungeon Overview and Level Annotations

Branches:
Dungeon (7/15) Zot: 26734  Temple (0/1) D:5         Ossuary (visited)
 Bailey (1/1) Zot: 5763

Altars:
Cheibriados
Dithmenos
Elyvilon
Uskayaw
Zin

Shops:
D:1 (((

Annotations:
Bailey 2 runed translucent doors


Message History

You reach to attack!
You miss the orc knight.
The orc knight is lightly wounded.
An orc warrior comes into view. It is wielding a +0 trident.
The orc hits you from afar with a +0 spear.
You block the orc knight's attack.
You reach to attack!
The orc warrior shouts!
You hit the orc knight but do no damage.
The orc knight looks as sick as possible!
The orc knight is lightly wounded.
The orc closely misses you.
The orc knight hits you from afar with a +0 glaive!
You are too injured to fight recklessly!
You are too injured to fight recklessly!
You are too injured to fight recklessly!
You are too injured to fight recklessly!
You are too injured to fight recklessly!
Reach: b) +1 spear (venom)
Press: ? - help, Dir - move target, f/p - orc knight
Aim: an orc knight, wielding a +0 glaive and wearing a +0 scale mail (lightly wounded, extremely poisoned, about 40% to evade your +1 spear of venom)
Okay, then.
Reach: b) +1 spear (venom)
Press: ? - help, Dir - move target, f/p - orc knight
Aim: an orc knight, wielding a +0 glaive and wearing a +0 scale mail (lightly wounded, extremely poisoned, about 40% to evade your +1 spear of venom)
Okay, then.
Okay, then.
Okay, then.
Unknown command.
Throw: 8 darts (poison)
Press: ? - help, Q - select action, (/) - cycle Shift-Dir - straight line, f/p - orc knight
Aim: an orc knight, wielding a +0 glaive and wearing a +0 scale mail (lightly wounded, extremely poisoned, 50% to hit)
You throw a poisoned dart. The poisoned dart hits the orc knight.
The orc knight is lightly wounded.
The orc hits you from afar with a +0 spear.
The orc knight hits you from afar with a +0 glaive.
Okay, then.
Reach: b) +1 spear (venom)
Press: ? - help, Dir - move target, f/p - orc knight
Aim: an orc knight, wielding a +0 glaive and wearing a +0 scale mail (moderately wounded, extremely poisoned, about 40% to evade your +1 spear of venom)
You reach to attack!
You hit the orc knight.
The orc knight looks as sick as possible!
The orc knight is moderately wounded.
The orc hits you from afar with a +0 spear.
The orc knight hits you from afar with a +0 glaive!
* * * LOW HITPOINT WARNING * * *
Reach: b) +1 spear (venom)
Press: ? - help, Dir - move target, f/p - orc knight
Aim: an orc knight, wielding a +0 glaive and wearing a +0 scale mail (moderately wounded, extremely poisoned, about 40% to evade your +1 spear of venom)
You reach to attack!
You completely miss the orc knight.
The orc knight is moderately wounded.
The orc hits you but does no damage.
The orc knight hits you from afar with a +0 glaive!
* * * LOW HITPOINT WARNING * * *
Reach: b) +1 spear (venom)
Press: ? - help, Dir - move target, f/p - orc knight
Aim: an orc knight, wielding a +0 glaive and wearing a +0 scale mail (moderately wounded, extremely poisoned, about 40% to evade your +1 spear of venom)
You reach to attack!
You hit the orc knight but do no damage.
The orc knight is moderately wounded.
The orc knight hits you from afar with a +0 glaive!
* * * LOW HITPOINT WARNING * * *
Reach: b) +1 spear (venom)
Press: ? - help, Dir - move target, f/p - orc knight
Aim: an orc knight, wielding a +0 glaive and wearing a +0 scale mail (moderately wounded, extremely poisoned, about 40% to evade your +1 spear of venom)
Okay, then.
Unknown command.
You feel very mighty all of a sudden.
The orc knight hits you but does no damage.
Okay, then.
Reach: b) +1 spear (venom)
Press: ? - help, Dir - move target, f/p - orc knight
Aim: an orc knight, wielding a +0 glaive and wearing a +0 scale mail (moderately wounded, extremely poisoned, about 40% to evade your +1 spear of venom)
You reach to attack!
You barely miss the orc knight.
The orc knight is moderately wounded.
Reach: b) +1 spear (venom)
Press: ? - help, Dir - move target, f/p - orc knight
Aim: an orc knight, wielding a +0 glaive and wearing a +0 scale mail (moderately wounded, extremely poisoned, about 40% to evade your +1 spear of venom)
You reach to attack!
You hit the orc knight.
The orc knight looks as sick as possible!
The orc knight is moderately wounded.
The orc warrior hits you from afar with a +0 trident!
* * * LOW HITPOINT WARNING * * *
The orc knight hits you from afar with a +0 glaive.
* * * LOW HITPOINT WARNING * * *
The orc warrior completely misses you. The orc misses you.
You stomp with the beat, sending a shockwave through the revellers around you!
The orc knight is heavily wounded.
The orc warrior is moderately wounded.
You can no longer stomp with the beat.
You block the orc warrior's attack. The orc hits you but does no damage.
The orc knight hits you but does no damage.
You can now stomp with the beat.
You stomp with the beat, sending a shockwave through the revellers around you!
The orc knight is severely wounded.
The orc warrior is heavily wounded.
You can no longer stomp with the beat.
The orc warrior hits you but does no damage.
You block the orc's attack.
The orc knight hits you with a +0 glaive!
You die...

♣........♣ #♣..∩..∩..♣#
#..........#
##..........##
#))..........###
#.♣............♣♣
###)♣♣.......♣.♣..♣#
♣♣..))[)).........≈≈#
♣♣......#@o..#....≈≈≈#
♣...≈≈≈≈#(o..#≈≈≈≈≈≈≈#
♣.≈≈≈≈≈≈#o...#≈≈≈≈≈≈≈#
#♣♣≈≈≈≈≈≈≈#....#≈≈≈≈≈≈≈#
#≈≈≈≈≈≈≈≈≈#(...#≈≈≈≈≈♣♣#
#≈≈≈≈≈≈...#.(..#...♣♣♣♣
#≈≈≈≈......((....♣....♣#
#≈≈≈...................#
#≈≈..####........####..#


You could see an orc knight (extremely poisoned), an orc warrior (strong) and an
orc (strong).

Vanquished Creatures
  Pikel (D:6)
  Eustachio (D:5)
  A water moccasin (D:6)
  2 sky beasts (D:6)
  An orc warrior (Bailey)
  An ice beast (D:3)
  A black bear (D:6)
  Blork the orc (D:6)
  A bullfrog (D:6)
  2 elf zombies (Ossuary)
  3 centaur zombies (Ossuary)
  3 bombardier beetles
  5 hounds
  2 jellies
  Crazy Yiuf (D:6)
  A human zombie (Ossuary)
  2 orc priests
  Jessica (D:2)
  5 iguanas
  Natasha (D:4)
  4 orc wizards
  4 hound zombies (Ossuary)
  Robin (D:4)
  2 mummies (Ossuary)
  8 gnolls
  8 adders
  A white imp (D:6)
  2 ufetubi (D:7)
  5 adder zombies (Ossuary)
  A ribbon worm (D:5)
  3 dart slugs
  22 orcs
  9 endoplasms
  4 giant cockroaches
  A gnoll zombie (Ossuary)
  18 goblins
  11 hobgoblins
  9 kobolds
  5 quokkas
  7 ball pythons
  7 bats
  2 frilled lizards (D:2)
  6 jackal zombies (Ossuary)
  10 kobold zombies (Ossuary)
  4 orc zombies (Ossuary)
  3 rats
193 creatures vanquished.

Notes
Turn   | Place    | Note
-------+----------+-------------------------------------------
     0 | D:1      | jimonade the Hill Orc Fighter began the quest for the Orb.
     0 | D:1      | Reached XP level 1. HP: 19/19 MP: 1/1
    22 | D:1      | Found Jorghafah's Antique Weapon Shoppe.
    63 | D:1      | Reached skill level 3 in Axes
    70 | D:1      | Found Romiomn's Antique Weapon Shop.
    83 | D:1      | Found Jitiskem's Weapon Boutique.
    88 | D:1      | Reached XP level 2. HP: 23/27 MP: 2/2
   779 | D:1      | Reached XP level 3. HP: 29/33 MP: 3/3
  1048 | D:1      | You fall into a shaft and drop 1 floor!
  1184 | D:2      | Found a faded altar of an unknown god.
  1211 | D:2      | Noticed Jessica
  1214 | D:2      | Killed Jessica
  1215 | D:2      | Reached skill level 4 in Axes
  1215 | D:2      | Reached XP level 4. HP: 40/40 MP: 4/4
  2626 | D:3      | Found a white marble altar of Elyvilon.
  2780 | D:3      | Reached skill level 5 in Axes
  2810 | D:3      | Reached XP level 5. HP: 46/47 MP: 5/5
  3050 | D:3      | Found a faded altar of an unknown god.
  3053 | D:3      | Found a hide-covered altar of Uskayaw.
  3206 | D:3      | Noticed an ice beast
  3219 | D:3      | Killed an ice beast
  3220 | D:3      | Reached skill level 5 in Fighting
  3220 | D:3      | Reached skill level 6 in Axes
  3220 | D:3      | Reached XP level 6. HP: 27/56 MP: 6/6
  3409 | D:3      | Found a snail-covered altar of Cheibriados.
  3694 | D:3      | Became a worshipper of Uskayaw the Reveller
  3716 | D:4      | Reached * piety under Uskayaw
  3752 | D:4      | Reached ** piety under Uskayaw
  3856 | D:4      | Noticed Robin
  3866 | D:4      | Killed Robin
  3879 | D:4      | Reached *** piety under Uskayaw
  4078 | D:4      | Reached skill level 1 in Invocations
  4084 | D:4      | Reached skill level 5 in Armour
  4424 | D:4      | Reached XP level 7. HP: 55/61 MP: 7/7
  4563 | D:4      | Found a shadowy altar of Dithmenos.
  4565 | D:4      | Reached skill level 7 in Axes
  4568 | D:4      | Noticed Natasha
  4577 | D:4      | Killed Natasha
  4743 | D:5      | Entered Level 5 of the Dungeon
  4875 | D:5      | Found a staircase to the Ecumenical Temple.
  4898 | D:5      | Found a sand-covered staircase.
  4904 | Ossuary  | Entered an ossuary
  5121 | Ossuary  | Reached **** piety under Uskayaw
  5128 | Ossuary  | Reached skill level 8 in Axes
  5131 | Ossuary  | Reached XP level 8. HP: 58/70 MP: 8/10
  5131 | Ossuary  | Reached ***** piety under Uskayaw
  5365 | D:5      | Noticed Eustachio
  5406 | D:5      | Killed Eustachio
  5983 | D:6      | Reached skill level 9 in Axes
  6093 | D:6      | Noticed Blork the orc
  6101 | D:6      | Killed Blork the orc
  6506 | D:6      | Reached skill level 10 in Axes
  6506 | D:6      | Reached skill level 5 in Invocations
  6506 | D:6      | Reached XP level 9. HP: 35/79 MP: 12/12
  6749 | D:6      | Noticed Pikel
  6764 | D:6      | Killed Pikel
  6854 | D:6      | Found a runed translucent door.
  6855 | D:6      | Noticed Crazy Yiuf
  6862 | D:6      | Killed Crazy Yiuf
  7213 | D:7      | Found a glowing silver altar of Zin.
  7306 | D:7      | Reached skill level 11 in Axes
  7437 | D:7      | Found a flagged portal.
  7461 | Bailey   | Entered a bailey
  7659 | Bailey   | Found a large runed translucent door.
  7659 | Bailey   | Found a large runed translucent door.
  7660 | Bailey   | Noticed a deep elf pyromancer
  7660 | Bailey   | Noticed an orc knight
  7697 | Bailey   | HP: 2/81 [orc knight/+0 glaive (3)]
  7700 | Bailey   | Mangled by an orc knight

Illustrated notes

Levels and vault maps discovered:
D:1:      minmay_arrival_stair_chambers, layout_loops_corners, serial_shops,
          nicolae_shop_tiny_waterfront, nicolae_diamond_shop, shop,
          minmay_misc_feat_square
D:2:      layout_basic, shapermc_ecumenical_altar_hornbeckon, uniq_jessica
D:3:      minmay_spotlight, layout_basic, chei_slow_surprise,
          nicolae_overflow_ecumenical_swirl, nicolae_elyvilon_peaceful_grove
D:4:      cheibrodos_old_hovel, layout_loops_ring, mainiacjoe_overflow_catwalk,
          grunt_ministairs_12, eino_small_chamber_without_monster,
          minmay_misc_feat_four_crosses, uniq_natasha, uniq_robin
D:5:      layout_basic, temple_fountains, enter_ossuary_5, uniq_eustachio
D:6:      layout_basic, chequers_hall_statues_y, uniq_blork_the_orc, uniq_pikel,
          uniq_crazy_yiuf_cottage
D:7:      layout_loops_cross, zin_academy, enter_bailey_5, uniq_jeremiah
Bailey:   bailey_polearm_elven_captive_hellmonk, bailey

Skill      XL: |  1  2  3  4  5  6  7  8  9 |
---------------+----------------------------+-----
Axes           | 3 4 5 6 8 10 11 | 11.3
Fighting       | 4 5 6 7 8 |  8.0
Armour         | 4 5 6 7 |  7.3
Invocations    | 1 3 5 6 |  6.2
Shields        | |  3.2

Action                     |  1- 3 |  4- 6 |  7- 9 || total
---------------------------+-------+-------+-------++-------
  Melee: War axe           |    56 |   205 |   369 ||   630
         Spear             |       |       |    13 ||    13
  Throw: Dart              |       |       |     6 ||     6
 Invoke: Stomp             |       |       |     3 ||     3
    Use: Scroll            |       |       |    10 ||    10
         Potion            |       |       |     1 ||     1
   Stab: Paralysed         |       |     1 |     8 ||     9
 Armour: Scale mail        |    21 |       |       ||    21
         Plate armour      |     2 |   174 |   352 ||   528
  Dodge: Dodged            |    23 |    57 |   112 ||   192
  Block: Buckler           |    10 |    48 |    78 ||   136
